Unix NetHack Version 5.0.0-0 post-release - last build Jun 10 2026 00:39:30 (3ee93aec679c4c4259841fe613dc97188e26a321,branch:main).

Game began 2026-06-18 09:50:43, ended 2026-06-18 10:05:53.

FutureTim, lawful female human Valkyrie

                                     .



                                          |
                                        ..
              ---  ...
              |.| ...   .
             --@|....---...
             |%d|...........
         -----..|....|.....-    |.|
      ----.|.......----...-     |.|
    --|....`....|---  |..--   ---|---
   --.|-.....---.   # ....####..%%.*|
  --..|....|.----...-.|..|    |..(.)|
  |.....---|.........--..|    |......#
  |<..---  ------..`....--    -------
  -----         ---------
FutureTim the Fighter       St:18 Dx:12 Co:17 In:8 Wi:8 Ch:13  Lawful
Dlvl:6  $:28 HP:0(60) Pw:12(12) AC:6  Xp:6 T:2180 

Latest messages:
 The snake bites!
 The giant ant bites!
 Are you sure you want to pray? [yn] (n) y
 You begin praying to Tyr.
 You are surrounded by a shimmering light.
 The giant ant starts to attack you, but pulls back.
 The snake starts to attack you, but pulls back.
 The giant ant starts to attack you, but pulls back.
 The snake starts to attack you, but pulls back.
 The giant ant starts to attack you, but pulls back.
 The snake starts to attack you, but pulls back.
 The giant ant starts to attack you, but pulls back.
 You finish your prayer.
 You feel that Tyr is well-pleased.
 You feel much better.
 You miss the snake.
 The giant ant bites!
 The snake bites!
 The snake bites!
 What do you want to wield? [- bw or ?*] w
 You are already wielding that!
 You kill the snake!
 The giant ant bites!
 The giant ant bites!
 You miss the giant ant.
 The giant ant bites!
 The large dog bites!
 The giant ant bites!
 You miss the giant ant.
 The giant ant just misses!
 The large dog bites!
 The giant ant bites!
 You hit the giant ant!
 The giant ant bites!
 The large dog bites!
 You miss the giant ant.
 The giant ant bites!
 The large dog bites!
 The giant ant bites!
 You kill the giant ant!
 The large dog bites!
 The large dog bites!
 You miss the large dog.
 The large dog bites!
 You die...
 Do you want your possessions identified? [ynq] (y) y
 Do you want to see your attributes? [ynq] (y) y
 Do you want an account of creatures vanquished? [ynaq] (y) y
 Do you want to see your conduct and achievements? [ynq] (y) y
 Do you want to see the dungeon overview? [ynq] (y) y

Inventory:
 Coins    ('$')
  $ - 28 gold pieces
 Weapons  (')')
  b - a blessed +0 dagger (alternate weapon; not wielded)
  w - a +1 spear (weapon in right hand)
 Armor    ('[')
  n - an uncursed +0 pair of iron shoes
  c - an uncursed +3 small shield (being worn)
  o - an uncursed +0 dwarvish cloak (being worn)
 Scrolls  ('?')
  z - a blessed scroll of blank paper
  y - 2 uncursed scrolls of blank paper
  m - an uncursed scroll of punishment
 Spellbooks  ('+')
  A - an uncursed spellbook of remove curse
 Potions  ('!')
  t - an uncursed potion of full healing
 Rings    ('=')
  u - an uncursed ring of slow digestion
 Tools    ('(')
  k - an uncursed lock pick
  l - an uncursed oil lamp (lit)
  r - a cursed towel

FutureTim the Valkyrie's attributes:

Background:
 You were a Fighter, a level 6 human Valkyrie.
 You were lawful, on a mission for Tyr
 who was opposed by Odin (neutral) and Loki (chaotic).
 You were right-handed.
 You were in the Gnomish Mines, on level 6.
 You entered the dungeon 2180 turns ago.
 You had 388 experience points, 252 more were needed to attain level 7.

Basics:
 You had 0 out of 60 hit points.
 You had all 12 energy points (spell power).
 Your armor class was 6.
 Your wallet contained 28 zorkmids.
 Autopickup was off.

Final Characteristics:
 Your strength was 18 (limit:18/100).
 Your dexterity was 12 (limit:18).
 Your constitution was 17 (limit:18).
 Your intelligence was 8 (limit:18).
 Your wisdom was 8 (limit:18).
 Your charisma was 13 (limit:18).

Final Status:
 You weren't hungry.
 You were unencumbered.
 You were wielding a spear.
 You were skilled in spear.

Final Attributes:
 You were piously aligned.
 Your items were somewhat protected from fire.
 You were cold resistant.
 Your items were somewhat protected from cold.
 You were stealthy.
 You were warded.
 You are dead.

Miscellaneous:
 You encountered 1 bones level.
 Total elapsed playing time was 15 minutes and 10 seconds.

Major events:
 Turn
    1: FutureTim the lawful human Valkyrie entered the dungeon
  627: entered the Gnomish Mines
  670: attained the rank of Skirmisher (level 3)
 2072: attained the rank of Fighter (level 6)
 2073: reached Mine Town
 2180: killed by a large dog

Spells:
 Name                 Level Category     Fail Retention
 remove curse           3   clerical     100%  76%-100%

Skills:
 Fighting Skills
   bare handed combat [Unskilled]
   two weapon combat  [Unskilled]
   riding             [Unskilled]
 Weapon Skills
   dagger             [Basic]
   axe                [Unskilled]
   pick-axe           [Unskilled]
   short sword        [Unskilled]
   broadsword         [Unskilled]
   long sword         [Unskilled]
   two-handed sword   [Unskilled]
   saber              [Unskilled]
   hammer             [Unskilled]
   quarterstaff       [Unskilled]
   polearms           [Unskilled]
   spear              [Skilled]
   trident            [Unskilled]
   lance              [Unskilled]
   sling              [Unskilled]
 Spellcasting Skills
   attack spells      [Unskilled]
   escape spells      [Unskilled]

Voluntary challenges:
 Character rerolling was not enabled.
 You followed a strict vegan diet.
 You never genocided any monsters.
 You never polymorphed an object.
 You never changed form.
 You used no wishes.
Achievements:
 You entered the Gnomish Mines.
 You attained the rank of Skirmisher.
 You attained the rank of Fighter.
 You entered Minetown.

 The Dungeons of Doom: levels 1 to 2
    Level 1:
    Level 2:
       Many trees.
       Stairs down to The Gnomish Mines.
 The Gnomish Mines: levels 3 to 6
    Level 3:
    Level 4:
    Level 5:
    Level 6: <- You were here.
       A temple and an altar, a grave.
       Final resting place for
          you, killed by a large dog,
          scottie2hottie-Val-Dwa-Fem-Law, killed by a snake, while frozen by a floating eye's gaze,
          wolvicorn-Arc-Dwa-Mal-Law, killed by a priestess of Camaxtli,
          Drastanta-Bar-Hum-Mal-Neu, killed by a priestess of Crom.


Vanquished creatures:
  a dog
  a snake
  a rock piercer
  a fog cloud
  a yellow light
  5 gnome leaders
  a paper golem
  a giant ant
  a little dog
  7 dwarves
  a monkey
  a dwarf zombie
  a werejackal
  2 iguanas
  2 hobgoblins
  a green mold
 27 gnomes
  a jackal
  2 foxes
  2 sewer rats
  3 lichens
  a kobold zombie
  5 newts
69 creatures vanquished.

No species were genocided or became extinct.

Game over:
                       ----------
                      /          \
                     /    REST    \
                    /      IN      \
                   /     PEACE      \
                  /                  \
                  |    FutureTim     |
                  |      28 Au       |
                  |   killed by a    |
                  |    large dog     |
                  |                  |
                  |                  |
                  |       2026       |
                 *|     *  *  *      | *
        _________)/\\_//(\/(/\)/\//\/|_)_______

Farvel FutureTim the Valkyrie...

You died in The Gnomish Mines on dungeon level 6 with 1848 points,
and 28 pieces of gold, after 2180 moves.
You were level 6 with a maximum of 60 hit points when you died.

